[Event "fics rated crazyhouse match"]
[Site "fics, Oklahoma City, OK USA"]
[Date "2001.02.10"]
[White "Perplexity"]
[WhiteElo "2412"]
[Black "DesX"]
[BlackElo "2180"]
[TimeControl "60+1"]
[Result "0-1"]

1. e4 e5 2. Bc4 Nc6 3. Nc3 Be7 4. Nf3 Nf6 5. d3 O-O 6. Nd5 
d6 7. Nxe7+ Qxe7 8. Bg5 Bg4 9. h3 Bxf3 10. gxf3 Nd4 11. Rg1 N@e6 
12. Be3 N@f4 13. h4 d5 14. exd5 N6xd5 15. Bxd4 exd4 16. Bxd5 Nxd5 17. P@e4 
P@e3 18. exd5 exf2+ 19. Kxf2 B@e3+ 20. Kf1 P@f2 21. Rh1 Nf4 22. N@g2 Nxg2 
23. N@f5 Qf6 24. N@e7+ Kh8 25. Kxg2 N@f4+ 26. Kg3 Nh5+ 27. Kg4 B@d7 28. P@e6 
fxe6 29. dxe6 Bxe6 30. B@d7 Bxd7 31. P@e6 Bxe6 32. B@d7 Bxd7 33. Kh3 Bxf5+ 
34. Nxf5 Qxf5+ 35. Kh2 B@d6+ 36. f4 Qxf4+ 37. Kg2 Qg3+ 38. Kf1 P@g2+ 39. Ke2 
B@g4+ 40. N@f3 Bxf3# 
{Perplexity checkmated} 0-1

[Event "fics rated crazyhouse match"]
[Site "fics, Oklahoma City, OK USA"]
[Date "2001.02.10"]
[White "DesX"]
[WhiteElo "2193"]
[Black "Perplexity"]
[BlackElo "2399"]
[TimeControl "60+1"]
[Result "0-1"]

1. d4 e6 2. Nf3 Nc6 3. Bf4 Bb4+ 4. c3 Be7 5. e3 Nf6 6. Bd3 
d6 7. Nbd2 Nh5 8. O-O Bd7 9. Ne5 dxe5 10. dxe5 Nxf4 11. exf4 N@d5 
12. P@g3 h5 13. Ne4 h4 14. N@g5 hxg3 15. hxg3 B@h2+ 16. Kh1 Bxg3+ 17. P@h3 
Bxf4 18. Nxf7 Kxf7 19. P@g6+ Kg8 20. c4 Rxh3+ 21. gxh3 P@g2+ 22. Kxg2 N@h4# 
{DesX resigns} 0-1

[Event "fics rated crazyhouse match"]
[Site "fics, Oklahoma City, OK USA"]
[Date "2001.02.10"]
[White "Perplexity"]
[WhiteElo "2403"]
[Black "DesX"]
[BlackElo "2189"]
[TimeControl "60+1"]
[Result "0-1"]

1. e4 e5 2. Bc4 Nc6 3. Nc3 Be7 4. Nf3 Nf6 5. d3 O-O 6. Nd5 
d6 7. Nxe7+ Qxe7 8. Bg5 Bg4 9. h3 Bh5 10. Bxf6 Qxf6 11. N@d7 Qe7 
12. Nxf8 Rxf8 13. Rc1 Nd4 14. Bd5 c6 15. Bc4 Bxf3 16. gxf3 B@e2 17. Qxe2 
Nxe2 18. Kxe2 N@f4+ 19. Kd2 Q@e2+ 20. Kc3 d5 21. exd5 cxd5 22. Bb5 d4+ 
23. Kb3 N@c5+ 24. Kc4 N@b6+ 25. Kb4 Na6+ 26. Ka5 Qb4# 
{Perplexity checkmated} 0-1

[Event "fics rated crazyhouse match"]
[Site "fics, Oklahoma City, OK USA"]
[Date "2001.02.10"]
[White "DesX"]
[WhiteElo "2201"]
[Black "Perplexity"]
[BlackElo "2391"]
[TimeControl "60+1"]
[Result "1-0"]

1. d4 e6 2. Nf3 Nc6 3. Bf4 Nf6 4. e3 Ne4 5. Bd3 d5 6. O-O 
Nxf2 7. Rxf2 h6 8. Ne5 Nxe5 9. dxe5 N@c5 10. N@h5 P@g6 11. Nxg7+ Bxg7 
12. P@f6 Bf8 13. N@g7+ Kd7 14. Nc3 c6 15. e4 Nxd3 16. cxd3 d4 17. Na4 
b5 18. N@c5+ Kc7 19. b4 bxa4 20. Qxa4 Bxc5 21. bxc5 Kb8 22. Qxc6 N@b7 
23. P@c7+ Qxc7 24. Qxc7+ Kxc7 25. B@d6+ Nxd6 26. exd6+ Kc6 27. Q@c7+ Kb5 28. Rb1+ 
N@b4 29. Rxb4+ Kxb4 30. Rb2+ Ka4 31. Qc6+ P@b5 32. Qxb5+ Ka3 33. Qb3# 
{Perplexity checkmated} 1-0

[Event "fics rated crazyhouse match"]
[Site "fics, Oklahoma City, OK USA"]
[Date "2001.02.10"]
[White "Perplexity"]
[WhiteElo "2379"]
[Black "DesX"]
[BlackElo "2213"]
[TimeControl "60+1"]
[Result "0-1"]

1. e4 e5 2. Bc4 Nc6 3. Nc3 Be7 4. Nf3 Nf6 5. d3 O-O 6. Nd5 
d6 7. Nxe7+ Qxe7 8. Bg5 Bg4 9. h3 Bh5 10. Bxf6 Qxf6 11. N@d7 Qe7 
12. Nxf8 Rxf8 13. Rb1 Nd4 14. B@g4 Nxf3+ 15. Qxf3 N@d4 16. Bxh5 Nxf3+ 17. Bxf3 
N@d4 18. Bd1 N@f4 19. B@f1 B@e2 20. Bfxe2 Ndxe2 21. Bxe2 Nxg2+ 22. Kd1 P@e3 
23. fxe3 Nxe3+ 24. Kc1 B@h6 25. P@d2 Nxc4 26. dxc4 Bxd2+ 27. Kxd2 B@h6+ 28. Ke1 
P@d2+ 29. Kf1 Qf6+ 30. R@f5 Qxf5+ 31. exf5 P@f2 32. N@e7+ Kh8 33. N@g2 R@e1+ 
34. Kxf2 Rxh1 35. Rxh1 R@f4+ 36. Nxf4 Bxf4 37. Q@f3 Q@c5+ 38. P@e3 Bxe3+ 39. Kf1 
d1=Q+ 40. Bxd1 N@d2+ 41. Kg2 Nxf3 42. B@g3 Bf4 43. Bxf3 Bxg3 44. Ng6+ fxg6 
45. N@f7+ Rxf7 46. R@b8+ B@f8 47. Rxf8+ Rxf8 48. N@f7+ Rxf7 49. R@e8+ N@f8 50. Rxf8+ 
Rxf8 51. h4 Q@f2+ 52. Kh3 R@h2+ 53. Kg4 P@h5+ 54. Kg5 R@g4+ 55. Bxg4 Qf4# 
{Perplexity checkmated} 0-1

[Event "fics rated crazyhouse match"]
[Site "fics, Oklahoma City, OK USA"]
[Date "2001.02.10"]
[White "DesX"]
[WhiteElo "2225"]
[Black "Perplexity"]
[BlackElo "2367"]
[TimeControl "60+1"]
[Result "1-0"]

1. d4 e6 2. Nf3 Nc6 3. Bf4 Nf6 4. e3 Bb4+ 5. c3 Be7 6. Bd3 
d6 7. Nbd2 Nh5 8. O-O e5 9. dxe5 dxe5 10. Nxe5 Nxf4 11. exf4 Nxe5 
12. fxe5 Qxd3 13. P@e2 Qd5 14. Nf3 Qd8 15. N@h5 Rg8 16. P@f6 Qxd1 17. Raxd1 
gxf6 18. N@g7+ Rxg7 19. Nxg7+ Kf8 20. exf6 N@h3+ 21. gxh3 Bxh3 22. fxe7+ Kxg7 
23. B@f8+ Rxf8 24. exf8=Q+ Kxf8 25. R@h8+ N@g8 26. Rd8+ N@e8 27. Rxe8+ Kxe8 28. Rxg8+ 
R@f8 29. N@f6+ Ke7 30. R@e8+ Rxe8 31. Rxe8+ Kxf6 32. Q@e5+ Kg6 33. Qg5# 
{Perplexity checkmated} 1-0

[Event "fics rated crazyhouse match"]
[Site "fics, Oklahoma City, OK USA"]
[Date "2001.02.10"]
[White "Perplexity"]
[WhiteElo "2366"]
[Black "DesX"]
[BlackElo "2226"]
[TimeControl "60+1"]
[Result "0-1"]

1. e4 e5 2. Bc4 Nc6 3. Nc3 Be7 4. Nf3 Nf6 5. d3 O-O 6. Nd5 
d6 7. Nxe7+ Qxe7 8. Bg5 Bg4 9. h3 Bh5 10. Bxf6 Qxf6 11. N@d7 Qe7 
12. Nxf8 Rxf8 13. Bd5 Nd4 14. Bxb7 Bxf3 15. gxf3 B@e2 16. Qxe2 Nxe2 17. Kxe2 
N@f4+ 18. Kd1 Q@e2+ 19. Kc1 Nxd3+ 20. cxd3 P@d2+ 21. Kc2 d1=Q+ 22. Kc3 Qexd3+ 
23. Kb4 a5+ 24. Kxa5 Q1d2+ 25. P@c3 P@b6+ 26. Kb4 d5+ 27. Ka4 Q2c2+ 28. N@b3 
N@c5+ 29. Kb4 Nxb3+ 30. P@d6 Qxd6+ 31. N@c5 Qxc5+ 32. Ka4 Qa5# 
{Perplexity checkmated} 0-1

[Event "fics rated crazyhouse match"]
[Site "fics, Oklahoma City, OK USA"]
[Date "2001.02.10"]
[White "DesX"]
[WhiteElo "2227"]
[Black "Perplexity"]
[BlackElo "2365"]
[TimeControl "60+1"]
[Result "0-1"]

1. d4 e6 2. Nf3 Nc6 3. Bf4 Nf6 4. e3 Bb4+ 5. c3 Be7 6. Bd3 
d6 7. Nbd2 Nh5 8. O-O Bd7 9. Qe2 h6 10. Rae1 g5 11. Bg3 g4 
12. Ne5 Nxg3 13. hxg3 dxe5 14. Qxg4 Bg5 15. N@g7+ Kf8 16. Nh5 Rg8 17. P@g7+ 
Rxg7 18. Nxg7 Kxg7 19. R@h7+ Kf8 20. Rh8+ N@g8 21. Bh7 N@f6 22. Bxg8 Nxg4 
23. Bh7+ Kg7 24. Nf3 Kxh8 25. dxe5 Ncxe5 
{DesX resigns} 0-1

[Event "fics rated crazyhouse match"]
[Site "fics, Oklahoma City, OK USA"]
[Date "2001.02.10"]
[White "Perplexity"]
[WhiteElo "2370"]
[Black "DesX"]
[BlackElo "2222"]
[TimeControl "60+1"]
[Result "1-0"]

1. e4 e5 2. Bc4 Nc6 3. Nc3 Be7 4. Nf3 Nf6 5. d3 O-O 6. Nd5 
d6 7. Nxe7+ Qxe7 8. Bg5 Bg4 9. h3 Bxf3 10. gxf3 Nd4 11. Rg1 N@f4 
12. Bxf4 exf4 13. B@h6 N@g6 14. Rxg6 hxg6 15. Bxf4 B@e5 16. Bc1 R@e2+ 17. Qxe2 
Nxe2 18. Kxe2 Nh5 19. N@d5 Qh4 20. Nxc7 Qxh3 21. N@e7+ Kh8 22. R@h7+ Kxh7 
23. N@g5+ Kh8 24. Nxh3 R@h2 25. P@g2 Rxg2 26. d4 Bxd4 27. Nxa8 Bxf2 28. Nxf2 
Rxf2+ 29. Kxf2 P@g3+ 30. Ke2 N@f4+ 31. Kd1 P@e2+ 32. Bxe2 Nxe2 33. Nc7 Nef4 
34. Bxf4 Nxf4 35. R@h4+ P@h5 36. Rxf4 Q@f1+ 37. N@e1 P@f2 38. Nxg6+ Kh7 39. Nxf8+ 
Kg8 
{DesX resigns} 1-0

[Event "fics rated crazyhouse match"]
[Site "fics, Oklahoma City, OK USA"]
[Date "2001.02.10"]
[White "DesX"]
[WhiteElo "2217"]
[Black "Perplexity"]
[BlackElo "2375"]
[TimeControl "60+1"]
[Result "0-1"]

1. d4 e6 2. Nf3 Nc6 3. Bf4 Nf6 4. e3 Bb4+ 5. c3 Be7 6. Bd3 
d6 7. O-O Nh5 8. Nbd2 e5 9. dxe5 Nxf4 10. exf4 dxe5 11. Ne4 exf4 
12. N@h5 B@h6 13. P@g5 Bg4 14. gxh6 Bxh5 15. hxg7 Rg8 16. P@h6 P@f5 17. B@g5 
fxe4 18. Bxe7 Qxe7 19. B@h4 Bxf3 20. Bxe7 Bxd1 21. Q@f8+ Kd7 22. Bxe4 Raxf8 
23. gxf8=Q N@h3# 
{DesX resigns} 0-1

[Event "fics rated crazyhouse match"]
[Site "fics, Oklahoma City, OK USA"]
[Date "2001.02.10"]
[White "Perplexity"]
[WhiteElo "2380"]
[Black "DesX"]
[BlackElo "2212"]
[TimeControl "60+1"]
[Result "0-1"]

1. e4 e5 2. Bc4 Nc6 3. Nc3 Be7 4. Nf3 Nf6 5. d3 O-O 6. Nd5 
d6 7. Nxe7+ Qxe7 8. Bg5 Bg4 9. h3 Bh5 10. Bxf6 Qxf6 11. N@d7 Qe7 
12. Nxf8 Rxf8 13. Qe2 N@f4 14. Qf1 B@e2 15. Qxe2 Nxe2 16. B@g5 Ned4 17. Nxd4 
Nxd4 18. Bxf7+ Qxf7 19. N@e7+ Qxe7 20. B@c4+ B@f7 21. Bxf7+ Qxf7 22. R@d2 N@f3+ 
23. gxf3 Nxf3+ 24. Kd1 Nxd2+ 25. Kxd2 Qxf2+ 26. Kc1 N@e2+ 27. Kb1 R@f1+ 28. Rxf1 
Qxf1+ 29. N@c1 Nxc1 30. N@e7+ Kh8 31. B@c3 Nxd3+ 32. R@c1 R@d1 33. Rxd1 Qxd1+ 
34. R@c1 Nxc1 35. Ng6+ Bxg6 36. Bxc1 P@d4 37. Bb4 N@c4 38. a3 P@d2 39. N@b3 
dxc1=Q+ 40. Nxc1 P@d2 41. Bxd2 Nxd2+ 42. Ka2 B@g8+ 43. P@f7 B6xf7+ 44. P@d5 Bxd5+ 
45. exd5 Bxd5+ 46. P@c4 Qxc2 47. B@c3 P@b3+ 48. Nxb3 Qxb3# 
{Perplexity checkmated} 0-1

[Event "fics rated crazyhouse match"]
[Site "fics, Oklahoma City, OK USA"]
[Date "2001.02.10"]
[White "DesX"]
[WhiteElo "2224"]
[Black "Perplexity"]
[BlackElo "2368"]
[TimeControl "60+1"]
[Result "0-1"]

1. d4 e6 2. Nf3 Nc6 3. Bf4 Nf6 4. e3 Bb4+ 5. c3 Be7 6. Bd3 
d6 7. O-O Nh5 8. Qe2 h6 9. Nbd2 g5 10. Bg3 Bd7 11. Ne5 Nxg3 
12. fxg3 dxe5 13. dxe5 Nxe5 14. N@g7+ Kf8 15. Nh5 P@g7 16. P@d4 Nxd3 17. Qxd3 
N@f5 18. Nxg7 Kxg7 19. N@h5+ Kg8 20. Rxf5 exf5 21. P@g7 R@h1+ 22. Kxh1 N@f2+ 
23. Kg1 Nxd3 24. gxh8=Q+ Kxh8 25. Rf1 Q@e2 26. N@f3 Qxe3+ 27. R@f2 P@e2 
{DesX resigns} 0-1

[Event "fics rated crazyhouse match"]
[Site "fics, Oklahoma City, OK USA"]
[Date "2001.02.10"]
[White "Perplexity"]
[WhiteElo "2373"]
[Black "DesX"]
[BlackElo "2219"]
[TimeControl "60+1"]
[Result "0-1"]

1. e4 e5 2. Bc4 Nc6 3. Nc3 Be7 4. Nf3 Nf6 5. d3 O-O 6. Nd5 
d6 7. Nxe7+ Qxe7 8. Bg5 Bg4 9. h3 Bh5 10. Bxf6 Qxf6 11. N@d7 Qe7 
12. Nxf8 Rxf8 13. Bd5 Nd4 14. Bxb7 Bxf3 15. gxf3 N@g2+ 16. Kd2 B@h6+ 17. P@e3 
Nxe3 18. fxe3 Bxe3+ 19. Kxe3 Qg5+ 20. Kf2 P@e3+ 21. Kf1 P@g2+ 22. Kg1 gxh1=Q+ 
23. Kxh1 N@f2+ 24. Kh2 R@g2# 
{Perplexity checkmated} 0-1

[Event "fics rated crazyhouse match"]
[Site "fics, Oklahoma City, OK USA"]
[Date "2001.02.10"]
[White "Perplexity"]
[WhiteElo "2367"]
[Black "DesX"]
[BlackElo "2225"]
[TimeControl "60+1"]
[Result "0-1"]

1. e4 e5 2. Bc4 Nc6 3. Nc3 Be7 4. Nf3 Nf6 5. d3 O-O 6. Nd5 
d6 7. Nxe7+ Qxe7 8. Bg5 Bg4 9. h3 Bh5 10. Bxf6 Qxf6 11. N@d7 Qe7 
12. Nxf8 Rxf8 13. Rb1 Nd4 14. B@g4 Nxf3+ 15. Qxf3 N@d4 16. Bxh5 Nxf3+ 17. gxf3 
N@d4 18. B@d1 B@g6 19. N@d5 Qg5 20. N@e7+ Kh8 21. Nxg6+ hxg6 22. Bg4 N@g2+ 
23. Kf1 Nf4 24. Nxf4 exf4 25. B@d2 N@e3+ 26. fxe3 fxe3 27. Bxe3 Qxe3 28. R@h4+ 
B@h5 29. Rxh5+ gxh5 30. B@f2 P@g2+ 31. Kxg2 N@f4+ 32. Kg3 Q@g2+ 33. Kh4 Qexf2+ 
34. P@g3 Qfxg3+ 35. Kg5 B@f6# 
{Perplexity checkmated} 0-1

[Event "fics rated crazyhouse match"]
[Site "fics, Oklahoma City, OK USA"]
[Date "2001.02.10"]
[White "LINDEGREN"]
[WhiteElo "2366"]
[Black "Fudpucker"]
[BlackElo "2256"]
[TimeControl "180+0"]
[Result "1-0"]

1. e4 e6 2. Nc3 Nc6 3. d4 Bb4 4. Nf3 Nf6 5. Bd3 d5 6. exd5 
exd5 7. Qe2+ P@e4 8. P@g5 Bg4 9. gxf6 gxf6 10. Bxe4 Nxd4 11. Nxd4 Bxe2 
12. N@g7+ Kd7 13. Bf5+ P@e6 14. Nxe2 exf5 15. Nxf5 Re8 16. Nd4 B@a5 17. B@h3+ 
P@e6 18. O-O Bxc3 19. bxc3 Bb6 20. B@a4+ c6 21. P@a6 Bxd4 22. Nxd4 N@e5 
23. axb7 Rb8 24. Nxc6 N@e2+ 25. Kh1 Nxc6 26. Bxc6+ Kxc6 27. B@d3 Nxc3 28. N@d4+ 
Kxb7 29. P@c6+ Kc7 30. N@a6+ Kd6 31. P@c5+ Ke7 32. c7 B@e4 33. Bxe4 dxe4 
34. Nc6+ Kf8 35. cxd8=Q Rbxd8 36. B@h6+ P@g7 37. Q@h8+ B@g8 38. Bxg7# 
{Fudpucker checkmated} 1-0

[Event "fics rated crazyhouse match"]
[Site "fics, Oklahoma City, OK USA"]
[Date "2000.02.11"]
[White "LSS"]
[WhiteElo "2536"]
[Black "Jongleur"]
[BlackElo "1959"]
[TimeControl "180+0"]
[Result "1-0"]

1. e4 Nf6 2. e5 Nd5 3. Nc3 e6 4. Nf3 d6 5. d4 Nxc3 6. bxc3 
Nc6 7. Bb5 N@e4 8. Bd2 Bd7 9. exd6 cxd6 10. O-O h5 11. Bd3 Nxd2 
12. Qxd2 B@g4 13. Ng5 Be7 14. Nxf7 Kxf7 15. P@g6+ Kf8 16. N@h7+ Rxh7 17. gxh7 
Bg5 18. h8=Q+ Kf7 19. P@g6+ Kf6 20. N@e4+ Ke7 21. Qxg5+ P@f6 22. Qxg7+ N@f7 
23. Qxf7# 
{Jongleur checkmated} 1-0

[Event "fics rated crazyhouse match"]
[Site "fics, Oklahoma City, OK USA"]
[Date "2000.02.11"]
[White "Jongleur"]
[WhiteElo "1958"]
[Black "LSS"]
[BlackElo "2537"]
[TimeControl "180+0"]
[Result "0-1"]

1. d4 e6 2. c4 d5 3. Nc3 dxc4 4. Nf3 P@d5 5. Bf4 Nf6 6. h3 
Bb4 7. Qc2 Nc6 8. g3 Ne4 9. Bg2 Bxc3+ 10. bxc3 Nxf2 11. Kxf2 N@g6 
12. B@h5 Nxf4 13. Bxf7+ Kxf7 14. gxf4 P@f6 15. e3 B@g6 16. Qd1 B@b2 17. P@g5 
Bxa1 18. Qxa1 h6 19. gxf6 gxf6 20. N@h4 Rg8 21. P@g5 fxg5 22. fxg5 hxg5 
23. Nxg6 Rxg6 24. N@e5+ Nxe5 25. Nxe5+ Kg7 26. N@h5+ Kh6 27. P@g4 Qf8+ 28. B@f7 
N@d3+ 29. Nxd3 Qxf7+ 30. Ndf4 N@d3+ 31. Ke2 R@f2+ 32. Kd1 P@c2# 
{Jongleur checkmated} 0-1

[Event "fics rated crazyhouse match"]
[Site "fics, Oklahoma City, OK USA"]
[Date "2000.02.11"]
[White "Jongleur"]
[WhiteElo "1956"]
[Black "LSS"]
[BlackElo "2539"]
[TimeControl "180+0"]
[Result "0-1"]

1. e4 e6 2. Nc3 d5 3. exd5 exd5 4. d4 Bb4 5. Nf3 Qe7+ 6. Be2 
Nf6 7. Bg5 h6 8. Bh4 P@g5 9. Bg3 Nc6 10. Be5 Be6 11. Bxf6 Qxf6 
12. Bb5 O-O 13. Bxc6 bxc6 14. P@e5 Qg6 15. a3 Be7 16. Na4 B@b5 17. Nc5 
B@e2 18. Qd2 Bxf3 19. gxf3 N@g2+ 20. Kd1 Nf4 21. B@d3 Bxd3 22. Nxd3 Nxd3 
23. cxd3 B@a4+ 24. B@c2 Bxc2+ 25. Qxc2 Rab8 26. B@a2 B@g2 27. Kd2 Bxf3 28. Rhg1 
Bfg4 29. N@e1 P@c4 30. N@b4 cxd3 31. Nbxd3 N@e4+ 32. Kc1 P@d2+ 33. Kb1 dxe1=Q+ 
34. Rxe1 N@c3+ 35. Kc1 Nxa2+ 36. Rxa2 B@d2+ 37. Kb1 Bxe1 38. P@b3 Nd2+ 39. Ka1 
Nxb3+ 40. Kb1 Qxd3 41. P@h7+ Kh8 42. Ra1 R@c1+ 43. Ka2 Rxa1# 
{Jongleur checkmated} 0-1

[Event "fics rated crazyhouse match"]
[Site "fics, Oklahoma City, OK USA"]
[Date "2000.02.11"]
[White "LSS"]
[WhiteElo "2540"]
[Black "Jongleur"]
[BlackElo "1955"]
[TimeControl "180+0"]
[Result "1-0"]

1. e4 Nf6 2. e5 d5 3. exf6 exf6 4. d4 Nc6 5. Nc3 Bb4 6. Bb5 
O-O 7. Ne2 P@e4 8. O-O Bg4 9. f3 Bxc3 10. Nxc3 exf3 11. gxf3 Bh3 
12. Re1 P@g2 13. N@f4 N@g5 14. P@h4 Re8 15. B@e3 Rxe3 16. Bxe3 Nxf3+ 17. Qxf3 
B@g4 18. Qg3 P@e5 19. Nxh3 Bxh3 20. N@h6+ Kf8 21. R@g8+ Ke7 22. Rxd8 Rxd8 
23. Qxh3 R@h1+ 24. Kxg2 Rxh2+ 25. Kxh2 P@e6 26. Bxc6 bxc6 27. N@f5+ Kd7 28. R@e7+ 
Kc8 29. Q@a8+ B@b8 30. P@b7# 
{Jongleur checkmated} 1-0

[Event "fics rated crazyhouse match"]
[Site "fics, Oklahoma City, OK USA"]
[Date "2000.02.11"]
[White "RubberDuck"]
[WhiteElo "2110"]
[Black "LSS"]
[BlackElo "2543"]
[TimeControl "300+0"]
[Result "0-1"]

1. e4 e6 2. d4 d5 3. e5 c5 4. dxc5 Bxc5 5. P@d4 Bf8 6. Nf3 
Nc6 7. Bb5 Bd7 8. O-O Nxe5 9. dxe5 Bxb5 10. Bg5 P@f6 11. exf6 gxf6 
12. Bf4 P@d6 13. P@h6 Nxh6 14. Bxh6 Bxh6 15. N@h5 Rg8 16. Nd4 Bxf1 17. Qxf1 
B@e5 18. Nb5 B@b6 19. B@g3 R@c1 20. Qxc1 Bxc1 21. N@g7+ Kd7 22. N1c3 Bxb2 
23. Bxe5 fxe5 24. B@a4 P@c6 25. Nxd6 Kxd6 26. Nxd5 exd5 27. Nf5+ Kc7 28. P@d6+ 
Kb8 29. P@c7+ Bxc7 30. dxc7+ Qxc7 31. B@d6 N@h3+ 32. Kf1 B@c4+ 33. R@d3 Q@g1+ 
34. Ke2 Bxd3+ 35. cxd3 Qxf2+ 36. Kd1 R@e1# 
{RubberDuck checkmated} 0-1

[Event "fics rated crazyhouse match"]
[Site "fics, Oklahoma City, OK USA"]
[Date "2000.02.11"]
[White "muschem"]
[WhiteElo "2114"]
[Black "LSS"]
[BlackElo "2544"]
[TimeControl "180+0"]
[Result "0-1"]

1. d4 e6 2. c4 d5 3. c5 Ne7 4. Nf3 Nbc6 5. Bg5 h6 6. Bxe7 
Bxe7 7. N@e5 Nxe5 8. Nxe5 O-O 9. e3 B@g6 10. Bd3 Bxd3 11. Nxd3 B@e4 
12. N@e5 f6 13. B@f7+ Kh8 14. Ng6+ Bxg6 15. Bxg6 N@h4 16. B@h5 Nxg2+ 17. Kf1 
Nh4 18. Nf4 P@g5 19. Ng2 Nxg2 20. Kxg2 N@h4+ 21. Kh3 e5+ 22. N@g4 f5 
23. Nxe5 g4+ 24. Kg3 N@e4# 
{muschem resigns} 0-1

[Event "fics rated crazyhouse match"]
[Site "fics, Oklahoma City, OK USA"]
[Date "2000.02.11"]
[White "muschem"]
[WhiteElo "2088"]
[Black "LSS"]
[BlackElo "2548"]
[TimeControl "180+0"]
[Result "0-1"]

1. d4 e6 2. Nf3 d5 3. Nc3 Bb4 4. Bd2 Nf6 5. Na4 Bxd2+ 6. Qxd2 
Ne4 7. Qf4 Bd7 8. Nc5 Nxc5 9. dxc5 N@e4 10. B@h4 B@e7 11. Bxe7 Qxe7 
12. B@h4 Qxc5 13. c3 Nc6 14. N@g5 P@f6 15. Nxe4 dxe4 16. Qxe4 B@g6 17. Qf4 
N@c2+ 18. Kd1 Nxa1 19. Qxc7 Bc2+ 20. Kc1 R@d1# 
{muschem checkmated} 0-1

[Event "fics rated crazyhouse match"]
[Site "fics, Oklahoma City, OK USA"]
[Date "2000.02.11"]
[White "LSS"]
[WhiteElo "2549"]
[Black "muschem"]
[BlackElo "2077"]
[TimeControl "180+0"]
[Result "1-0"]

1. e4 e5 2. Bc4 Nf6 3. Nf3 Nxe4 4. Bxf7+ Kxf7 5. Nxe5+ Ke6 6. d4 
d5 7. Nc3 B@b4 8. O-O Bxc3 9. bxc3 Qh4 10. Qg4+ Qxg4 11. Nxg4 Q@h4 
12. Q@e5+ Kd7 13. Qxd5+ P@d6 14. Qxe4 N@f6 15. Nxf6+ gxf6 16. B@e8+ Kd8 17. N@f7# 
{muschem checkmated} 1-0

[Event "fics rated crazyhouse match"]
[Site "fics, Oklahoma City, OK USA"]
[Date "2000.02.11"]
[White "Tecumseh"]
[WhiteElo "2266"]
[Black "XXNoWay"]
[BlackElo "2277"]
[TimeControl "180+0"]
[Result "1-0"]

1. e4 e6 2. d4 Nf6 3. e5 Nd5 4. Nf3 Nc6 5. Nc3 Bb4 6. Bd2 
Bxc3 7. bxc3 d6 8. exd6 cxd6 9. Bd3 N@f4 10. Rg1 Nxd3+ 11. cxd3 Nxc3 
12. Bxc3 P@b4 13. N@h5 Rg8 14. B@e4 P@f5 15. Bxc6+ bxc6 16. Bxb4 B@g4 17. Nxg7+ 
Rxg7 18. P@e5 Bxf3 19. N@f6+ Kf8 20. Bxd6+ Qxd6 21. exd6 B@b4+ 22. P@d2 Rg6 
23. Q@h8# 
{XXNoWay resigns} 1-0

[Event "fics rated crazyhouse match"]
[Site "fics, Oklahoma City, OK USA"]
[Date "2000.02.11"]
[White "XXNoWay"]
[WhiteElo "2269"]
[Black "Tecumseh"]
[BlackElo "2274"]
[TimeControl "180+0"]
[Result "1-0"]

1. e4 Nc6 2. Nc3 Nf6 3. Bb5 Nd4 4. Nf3 Nxb5 5. Nxb5 Nxe4 6. Ne5 
B@g6 7. d3 Nd6 8. Nxg6 hxg6 9. Nxd6+ exd6 10. Qe2+ Qe7 11. Qxe7+ Bxe7 
12. N@d5 Q@a5+ 13. N@c3 P@b4 14. Q@b5 Qxb5 15. Nxb5 N@c3 16. bxc3 bxc3 17. Nbxc3 
P@e2 18. Nxc7+ Kd8 19. Nxa8 N@e6 20. P@d5 Rxh2 21. R@g8+ Bf8 22. Rxf8+ Nxf8 
23. B@c7# 
{Tecumseh resigns} 1-0

[Event "fics rated crazyhouse match"]
[Site "fics, Oklahoma City, OK USA"]
[Date "2000.02.11"]
[White "Tecumseh"]
[WhiteElo "2266"]
[Black "XXNoWay"]
[BlackElo "2277"]
[TimeControl "180+0"]
[Result "0-1"]

1. e4 d6 2. d4 Nf6 3. Nc3 Bg4 4. f3 Bd7 5. Bc4 e6 6. Nge2 
Be7 7. O-O O-O 8. f4 d5 9. exd5 exd5 10. Bxd5 Nxd5 11. Nxd5 Bc6 
12. Nxe7+ Qxe7 13. P@f3 B@e6 14. N@e4 Bxe4 15. fxe4 P@h3 16. f5 hxg2 17. Kxg2 
N@h4+ 18. Kf2 Bxf5 19. exf5 N@g4+ 20. Kg3 Nxf5+ 21. Rxf5 Ne3 22. Re5 Nxd1 
23. Rxe7 Q@f2+ 24. Kg4 f5+ 25. Kg5 P@f6# 
{Tecumseh resigns} 0-1

[Event "fics rated crazyhouse match"]
[Site "fics, Oklahoma City, OK USA"]
[Date "2000.02.11"]
[White "XXNoWay"]
[WhiteElo "2285"]
[Black "Tecumseh"]
[BlackElo "2258"]
[TimeControl "180+0"]
[Result "0-1"]

1. e4 Nc6 2. Nc3 Nf6 3. Nf3 d5 4. e5 Ne4 5. Bb5 Bg4 6. O-O 
e6 7. d3 Nxc3 8. bxc3 N@h4 9. Nd4 Bxd1 10. Rxd1 Bc5 11. Bxc6+ bxc6 
12. Nxc6 Qd7 13. Bg5 Bxf2+ 14. Kxf2 P@e3+ 15. Bxe3 Qxc6 16. N@d4 N@g4+ 17. Ke2 
Nxe3 18. Nxc6 B@g4+ 19. P@f3 Bxf3+ 20. gxf3 Q@g2+ 21. P@f2 Qxf3+ 22. Ke1 Nhg2+ 
23. Kd2 Qxf2+ 24. B@e2 Nc4+ 25. Kc1 P@b2+ 26. Kb1 bxa1=Q+ 27. Kxa1 P@b2# 
{XXNoWay resigns} 0-1

[Event "fics rated crazyhouse match"]
[Site "fics, Oklahoma City, OK USA"]
[Date "2000.02.11"]
[White "Tecumseh"]
[WhiteElo "2267"]
[Black "XXNoWay"]
[BlackElo "2276"]
[TimeControl "180+0"]
[Result "1-0"]

1. e4 e6 2. d4 Nf6 3. e5 Nd5 4. Nf3 Nc6 5. Nc3 Bb4 6. Bd2 
Bxc3 7. bxc3 O-O 8. B@e4 f5 9. Bxd5 exd5 10. N@h5 B@g4 11. Nxg7 Kxg7 
12. P@f6+ Kg8 13. h3 Bh5 14. g4 fxg4 15. hxg4 Bxg4 16. Rxh7 Kxh7 17. Ng5+ 
Kg6 18. Qxg4 
{XXNoWay resigns} 1-0

[Event "fics rated crazyhouse match"]
[Site "fics, Oklahoma City, OK USA"]
[Date "2000.02.11"]
[White "XXNoWay"]
[WhiteElo "2268"]
[Black "Tecumseh"]
[BlackElo "2275"]
[TimeControl "180+0"]
[Result "1-0"]

1. e4 Nc6 2. Nc3 Nf6 3. Bb5 Nd4 4. Nf3 Nxb5 5. Nxb5 Nxe4 6. Ne5 
Nxf2 7. Kxf2 B@g6 8. Rf1 d6 9. Nf3 P@h3 10. gxh3 Bxh3 11. P@g2 Bg4 
12. Kg1 P@e4 13. d3 exf3 14. gxf3 Bd7 15. Nc3 P@h3 16. N@f4 e5 17. Nfd5 
Be7 18. Nxe7 Qxe7 19. Nd5 Qh4 20. Nxc7+ Kf8 21. P@g3 Qd4+ 22. B@e3 Qxe3+ 
23. Bxe3 B@g2 24. Nxa8 Bxf1 25. Q@d8+ R@e8 26. P@e7+ Kg8 27. Qxe8# 
{Tecumseh resigns} 1-0

[Event "fics rated crazyhouse match"]
[Site "fics, Oklahoma City, OK USA"]
[Date "2000.02.11"]
[White "Tecumseh"]
[WhiteElo "2267"]
[Black "XXNoWay"]
[BlackElo "2276"]
[TimeControl "180+0"]
[Result "1-0"]

1. e4 d6 2. d4 Nf6 3. Nc3 Bg4 4. f3 Bd7 5. Bc4 e6 6. Nge2 
Be7 7. O-O O-O 8. e5 Nh5 9. Nf4 Nxf4 10. Bxf4 dxe5 11. dxe5 P@g5 
12. Be3 Nc6 13. P@d6 cxd6 14. exd6 Bxd6 15. Qxd6 P@c7 16. Qg3 P@f4 17. Bxf4 
gxf4 18. Qxg7+ Kxg7 19. N@h5+ Kh6 20. Nxf4 B@e3+ 21. P@f2 Bxf4 22. P@g3 Be5 
23. f4 Bxc3 24. B@g5+ Kg7 25. Bxd8 Bxb2 26. P@f6# 
{XXNoWay resigns} 1-0

[Event "fics rated crazyhouse match"]
[Site "fics, Oklahoma City, OK USA"]
[Date "2000.02.11"]
[White "XXNoWay"]
[WhiteElo "2268"]
[Black "Tecumseh"]
[BlackElo "2275"]
[TimeControl "180+0"]
[Result "1-0"]

1. e4 Nc6 2. Nc3 Nf6 3. Nf3 d5 4. e5 Ne4 5. Bb5 Bg4 6. O-O 
e6 7. d3 Nxc3 8. bxc3 N@h4 9. Nxh4 Bxd1 10. Rxd1 Qxh4 11. B@g3 Qh5 
12. Bcf4 N@e2+ 13. Kh1 Nxg3+ 14. Bxg3 B@f3 15. gxf3 Qxf3+ 16. B@g2 Qxg2+ 17. Kxg2 
P@h3+ 18. Kxh3 B@f3 19. N@e3 h5 20. Bh4 Bg4+ 21. Kg2 Q@h3+ 22. Kg1 Qxh4 
23. Rdb1 B@f4 24. P@g3 Qg5 25. gxf4 Qxf4 26. B@g3 Qf3 27. Bxc6+ bxc6 28. Q@b7 
Rd8 29. N@a6 P@f4 30. Nxc7+ Kd7 31. Ncxd5# 
{Tecumseh forfeits on time} 1-0

[Event "fics rated crazyhouse match"]
[Site "fics, Oklahoma City, OK USA"]
[Date "2000.02.11"]
[White "Tecumseh"]
[WhiteElo "2267"]
[Black "XXNoWay"]
[BlackElo "2276"]
[TimeControl "180+0"]
[Result "0-1"]

1. e4 Nf6 2. e5 Nd5 3. Bc4 e6 4. Nc3 Nxc3 5. dxc3 d5 6. exd6 
Bxd6 7. Nf3 Nc6 8. P@d5 Na5 9. Bb5+ c6 10. dxc6 bxc6 11. Be2 P@e4 
12. Ng5 P@f4 13. Bxf4 Bxf4 14. Qxd8+ Kxd8 15. Nxf7+ Ke7 16. P@d6+ Kxf7 17. Q@e7+ 
Kg6 18. P@h5+ Kf5 19. P@g4+ Ke5 20. N@f7+ Kd5 21. c4+ Nxc4 22. Bxc4+ Kxc4 
23. N@a3+ Kb4 24. d7+ B@c5 25. c3+ Ka5 26. Qxc5+ B@b5 27. b4+ Ka6 28. dxc8=Q+ 
Raxc8 29. Qxb5+ cxb5 30. B@b7+ Kxb7 
{Tecumseh resigns} 0-1